 Dungeon Crawl Stone Soup version 0.18-b1-22-ge198996 (webtiles) character file.

79 Hsing the Sneak (level 4, -1/29 HPs)
             Began as an Octopode Assassin on May 4, 2016.
             Killed from afar by an orc wizard (15 damage)
             ... with a puff of flame
             ... on level 3 of the Dungeon.
             The game lasted 00:05:31 (1853 turns).

Hsing the Sneak (Octopode Assassin)                 Turns: 1853, Time: 00:05:32

Health: -1/29      AC:  3    Str: 10    XL:     4   Next: 37%
Magic:  4/4        EV: 12    Int: 13    God:
Gold:   79         SH:  0    Dex: 14    Spells: 0 memorised, 3 levels left

rFire  x . .     SeeInvis .     b - +0 blowgun
rCold  + . .     Gourm    .     (no shield)
rNeg   . . .     Faith    .     x - +2 hat
rPois  .         Spirit   .     (no amulet)
rElec  .         Dismiss  .     p - ring of flight
rCorr  .         Reflect  .     u - ring of ice
SustAt .         Harm     .     (no ring)
MR     .....                    (no ring)
Stlth  +++.......               (no ring)
                                (no ring)
                                (no ring)
                                (no ring)

@: confused, not resistant to hostile enchantments, fairly stealthy
A: almost no armour, amphibious, 8 rings, constrict 8, camouflage 1, gelatinous
body 1
a: Evoke Flight


You were on level 3 of the Dungeon.
You were not hungry.

You visited 1 branch of the dungeon, and saw 3 of its levels.

You collected 79 gold pieces.

Inventory:

Hand Weapons
 a - a +2 dagger
 b - a +0 blowgun (weapon)
Missiles
 c - 2 poisoned needles (quivered)
 d - 2 curare-tipped needles
Armour
 x - a +2 hat (worn)
Jewellery
 p - a ring of flight (left tentacle)
 u - a ring of ice (right tentacle)
Scrolls
 e - a scroll of enchant weapon {unknown}
 h - a scroll of noise {unknown}
 i - 2 scrolls of teleportation {unknown}
 j - a scroll of amnesia {unknown}
 q - a scroll of magic mapping {unknown}
 r - 3 scrolls of identify
 s - a scroll of enchant armour {unknown}
Potions
 g - 2 potions of curing {unknown}
 k - 2 potions of flight {unknown}
 l - 2 potions of invisibility {unknown}
 m - a potion of magic {unknown}
 n - a potion of ambrosia {unknown}
 o - a potion of mutation {unknown}
 v - a potion of degeneration {unknown}
 w - a potion of heal wounds {unknown}
Comestibles
 f - 2 bread rations
 t - a meat ration
 z - 5 fruits


   Skills:
 + Level 2.2 Fighting
 + Level 2.4 Short Blades
 + Level 2.2 Throwing
 + Level 1.2 Dodging
 + Level 7.2 Stealth


You had 3 spell levels left.
You didn't know any spells.

Dungeon Overview and Level Annotations

Branches:
Dungeon (3/15)

Altars:
Cheibriados
Qazlal


Innate Abilities, Weirdness & Mutations

You cannot wear most types of armour.
You are amphibious.
You can wear up to eight rings at the same time.
You can use your tentacles to constrict eight enemies at once.
Your skin changes colour to match your surroundings (Stealth).
Your rubbery body absorbs attacks (AC +1).


Message History

Things that are here:
a hand axe; a ring mail Firing (i - inventory. (,) - cycle):
c - 5 poisoned needles (quivered)
Press: ? - help, Shift-Dir - straight line, f/p - orc
Aim: an orc (lightly wounded, poisoned)
You shoot a poisoned needle.
The orc priest casts a cantrip, but nothing happens.
Firing (i - inventory. (,) - cycle):
c - 4 poisoned needles (quivered)
Press: ? - help, Shift-Dir - straight line, f - orc, p - orc
Aim: an orc, wearing a leather armour You shoot a poisoned needle.
The orc looks more healthy.
The orc priest miscasts a cantrip.
Firing (i - inventory. (,) - cycle):
c - 3 poisoned needles (quivered)
Press: ? - help, Shift-Dir - straight line, f/p - orc
Aim: an orc, wearing a leather armour You shoot a poisoned needle.
The orc wizard casts a spell at you. The puff of flame hits you!
The fire burns you terribly!
Ouch! That really hurt!
You die...

. ... o. ... ###.##o## .[.
... ###.##s## #(.(.(.o#
#.....o.# #.....oo#[#
#####.#@##.# #..%.....#.#
#.###....#.# #.# #....#.#
#.# #....#.# #.#
#....#.########.. #.#
###..#.#.........
#######.#####..#.#.######.#
...............#.....[....


You could see an orc priest, an orc wizard, 3 orcs and a giant cockroach.

Vanquished Creatures
  Jessica (D:2)
  A gnoll (D:1)
  2 giant geckos (D:1)
  An orc (D:3)
  A giant cockroach (D:1)
  6 goblins
  3 hobgoblins
  4 jackals (D:1)
  A quokka (D:2)
  3 ball pythons
  5 bats
  3 giant newts
  4 kobolds
  4 rats
39 creatures vanquished.

Notes
Turn   | Place    | Note
--------------------------------------------------------------
     0 | D:1      | Hsing the Octopode Assassin began the quest for the Orb.
     0 | D:1      | Reached XP level 1. HP: 14/14 MP: 1/1
    66 | D:1      | Reached skill level 6 in Stealth
    66 | D:1      | Reached XP level 2. HP: 10/19 MP: 2/2
   482 | D:1      | Reached XP level 3. HP: 21/24 MP: 3/3
  1154 | D:2      | Found a stormy altar of Qazlal.
  1287 | D:2      | Noticed Jessica
  1290 | D:2      | Found a snail-covered altar of Cheibriados.
  1292 | D:2      | Killed Jessica
  1292 | D:2      | Reached skill level 7 in Stealth
  1292 | D:2      | Reached XP level 4. HP: 29/29 MP: 4/4
  1853 | D:3      | Killed from afar by an orc wizard

Skill      XL: |  1  2  3 |
---------------+----------+-----
Stealth        | 6 7 |  7.2
Fighting       | |  2.2
Short Blades   | |  2.4
Throwing       | |  2.2
Dodging        | |  1.2

Action                   |  1- 3 |  4- 6 || total
-------------------------+-------+-------++-------
Melee: Dagger            |    53 |     7 ||    60
       Constrict         |    16 |     1 ||    17
       Tentacles         |     8 |       ||     8
 Fire: Blowgun           |     2 |     7 ||     9
  Use: Scroll            |     3 |       ||     3
 Stab: Sleeping          |    10 |     4 ||    14
  Eat: Fruit             |     3 |       ||     3
Armor: Skin              |     5 |     1 ||     6
Dodge: Dodged            |    25 |     2 ||    27
